 Dungeon Crawl Stone Soup version 0.23.2-1-ga50397a6bc (webtiles) character file.

Game seed: 9928871502627056298

170 MachJacob the Skirmisher (level 5, -2/33 HPs)
             Began as a Gargoyle Fighter on Apr 20, 2019.
             Slain by Natasha (6 damage)
             ... on level 3 of the Dungeon.
             The game lasted 00:13:04 (2880 turns).

MachJacob the Skirmisher (Gargoyle Fighter)         Turns: 2880, Time: 00:13:05

Health: -2/33      AC: 11    Str: 20    XL:     5   Next: 50%
Magic:  5/5        EV:  7    Int:  9    God:
Gold:   96         SH:  9    Dex:  9    Spells: 4/4 levels left

rFire    . . .     SeeInvis .   k - +0 club
rCold    . . .     Gourm    .   c - +0 shield
rNeg     + . .     Faith    .   b - +0 scale mail
rPois    ∞         Spirit   .   (no helmet)
rElec    +         Reflect  .   (no cloak)
rCorr    .         Harm     .   (no gloves)
MR       .....                  (no boots)
Stlth    ..........             e - amulet of rage
HPRegen  0.11/turn              (no ring)
MPRegen  0.09/turn              (no ring)

@: slowed, very slow
A: negative energy resistance 1, electricity resistance, unbreathing,
petrification resistance, rot immunity, AC +4
a: Evoke Berserk Rage


You were on level 3 of the Dungeon.
You were not hungry.

You visited 1 branch of the dungeon, and saw 3 of its levels.

You collected 96 gold pieces.

Inventory:

Hand Weapons
 k - a +0 club (weapon)
 p - a +0 morningstar of draining
Armour
 b - a +0 scale mail (worn)
 c - a +0 shield (worn)
 o - a +0 shield
Jewellery
 e - an amulet of rage (around neck)
 u - an uncursed amulet of faith
Scrolls
 a - a scroll of identify
 i - a scroll of enchant weapon {unknown}
 j - 2 scrolls of immolation {unknown}
 m - a scroll of enchant armour {unknown}
 n - 2 scrolls of teleportation {unknown}
Potions
 d - a potion of might
 g - a potion of heal wounds {unknown}
 h - a potion of lignification {unknown}
 l - a potion of degeneration {unknown}
 s - 2 potions of agility {unknown}
Comestibles
 f - 6 rations
 q - 2 chunks of flesh


   Skills:
 + Level 4.2 Fighting
 * Level 3.7 Maces & Flails
 + Level 4.1 Armour
 + Level 4.1 Shields


You had 4 spell levels left.
You didn't know any spells.
Your spell library was empty.

Dungeon Overview and Level Annotations

Branches:
Dungeon (3/15)

Altars:
Cheibriados
Sif Muna

Annotations:
D:3 Natasha


Innate Abilities, Weirdness & Mutations

You are resistant to torment.
Your stone body is resilient. (AC +4)
You are immune to poison.
You resist negative energy. (rN+)
You are resistant to electric shocks. (rElec)
You can survive without breathing.
You are immune to petrification.
You are immune to rotting.


Message History

Natasha claws you but does no damage.
You hit Natasha.
Natasha is heavily wounded.
The shadow imp disappears in a puff of smoke!
Natasha claws you. Natasha claws you but does no damage.
You hit Natasha.
Natasha is severely wounded.
You block Natasha's attack. Natasha barely misses you.
You hit Natasha.
Natasha is almost dead.
Natasha stares at you and mumbles some strange words.
The magic dart hits you.
You barely miss Natasha.
Natasha is almost dead.
Natasha claws you.
* * * LOW HITPOINT WARNING * * *
Natasha howls an incantation.
You feel disoriented. Natasha claws you.
You die...

....# ##.#.# ###
##....### ..+
h...... ###
....# ##...#
#....# #h#.##
#+# #@#.# #.#
#.#.# #.# #.#..
##.## #.###
######...## #.#
..........# #.#
######...## #.#
##..#######.####
#.............##


You could see Natasha.

Vanquished Creatures
  Natasha (twice) (D:3)
  3 adders
  2 worms
  6 dart slugs
  3 leopard geckos
  An orc (D:3)
  2 giant cockroaches (D:1)
  5 goblins
  10 hobgoblins
  15 jackals
  3 kobolds
  2 quokkas
  A ball python (D:3)
  6 bats
  A frilled lizard (D:2)
  5 rats
67 creatures vanquished.

Notes
Turn   | Place    | Note
-------+----------+-------------------------------------------
     0 | D:1      | MachJacob the Gargoyle Fighter began the quest for the Orb.
     0 | D:1      | Reached XP level 1. HP: 14/14 MP: 1/1
   107 | D:1      | Reached XP level 2. HP: 19/19 MP: 2/2
   358 | D:1      | Reached XP level 3. HP: 21/23 MP: 3/3
   917 | D:2      | Reached XP level 4. HP: 23/29 MP: 4/4
  1567 | D:2      | Found a deep blue altar of Sif Muna.
  1764 | D:3      | Noticed Natasha
  1776 | D:3      | Killed Natasha
  2060 | D:3      | Reached XP level 5. HP: 33/33 MP: 5/5
  2493 | D:3      | Noticed Natasha
  2509 | D:3      | Killed Natasha
  2810 | D:3      | Found a snail-covered altar of Cheibriados.
  2846 | D:3      | Noticed Natasha
  2880 | D:3      | Slain by Natasha

Skill      XL: |  1  2  3  4  5 |
---------------+----------------+-----
Maces & Flails | 3 |  3.7
Fighting       | 4 |  4.2
Shields        | 4 |  4.1
Armour         | 4 |  4.1

Action                   |  1- 3 |  4- 6 || total
-------------------------+-------+-------++-------
Melee: Flail             |    23 |       ||    23
       Club              |   120 |   285 ||   405
  Use: Scroll            |     2 |     3 ||     5
  Eat: Chunk             |       |     4 ||     4
       Ration            |       |     1 ||     1
Armor: Scale mail        |    75 |   142 ||   217
Dodge: Dodged            |    46 |    83 ||   129
Block: Shield            |    59 |   138 ||   197
